 Dungeon Crawl Stone Soup version 0.17.1-1-g73c8601 (webtiles) character file.

453 Goblin1989 the Insei (level 7, -6/35 HPs)
             Began as a Vine Stalker Monk on Dec 31, 2015.
             Was a Priest of Elyvilon.
             Shot with an arrow by a centaur (11 damage)
             ... on level 5 of the Dungeon.
             The game lasted 00:13:53 (2465 turns).

Goblin1989 the Insei (Vine Stalker Monk)            Turns: 2465, Time: 00:13:54

Health: -6/35      AC:  6    Str: 14    XL:     7   Next: 5%
Magic:  0/10       EV: 11    Int: 17    God:    Elyvilon [***...]
Gold:   71         SH:  0    Dex: 16    Spells: 0 memorised, 6 levels left

rFire  . . .     SeeInvis .       - Unarmed
rCold  . . .     Clarity  .     j - +0 ring mail
rNeg   . . .     SustAt   .     (no shield)
rPois  .         Gourm    .     q - +0 helmet
rElec  .         Spirit   +     (no cloak)
rCorr  .         Warding  .     (no gloves)
rMut   .         Stasis   .     (no boots)
MR     .....                    (no amulet)
Stlth  ++........               (no ring)
                                h - +5 ring of intelligence

@: not resistant to hostile enchantments, unstealthy
A: fangs 2, regeneration 2, magic shield, antimagic bite, no device heal 3, rot
immunity
a: Lesser Healing, Heal Other, Purification, Divine Protection, Renounce
Religion


You were on level 5 of the Dungeon.
You worshipped Elyvilon.
Elyvilon was most pleased with you.
You were very hungry.

You visited 1 branch of the dungeon, and saw 5 of its levels.

You collected 71 gold pieces.

Inventory:

Missiles
 o - 75 stones (quivered)
Armour
 j - a +0 ring mail (worn)
 q - a +0 helmet (worn)
Jewellery
 h - a +5 ring of intelligence (left hand)
Wands
 t - a wand of enslavement (15)
Scrolls
 e - a scroll of random uselessness {unknown}
 f - 4 scrolls of enchant armour {unknown}
 i - 2 scrolls of identify {unknown}
 m - a scroll of recharging {unknown}
 s - a scroll of teleportation {unknown}
Potions
 a - a potion of haste {unknown}
 c - 2 potions of flight {unknown}
 d - a potion of lignification {unknown}
 k - 3 potions of degeneration {unknown}
 l - a potion of berserk rage {unknown}
 p - a potion of magic {unknown}
Books
 n - a book of Geomancy

   Spells                             Type                      Level
   a - Sandblast                      Earth                        1
   b - Stoneskin                      Transmutation/Earth          2
   c - Passwall                       Transmutation/Earth          3
   d - Stone Arrow                    Conjuration/Earth            3
   e - Petrify                        Transmutation/Earth          4
   f - Lee's Rapid Deconstruction     Earth                        5
Comestibles
 b - 4 bread rations
 g - 2 beef jerkies
 r - a slice of pizza


   Skills:
 - Level 2.6 Fighting
 - Level 2.4 Dodging
 + Level 4.8 Stealth
 * Level 6.5 Unarmed Combat
 + Level 3.4 Invocations


You had 6 spell levels left.
You didn't know any spells.

Dungeon Overview and Level Annotations

Branches:
Dungeon (5/15)             Temple (0/1) D:5

Altars:
Elyvilon

Annotations:
D:2 Sigmund
D:4 exclusion: downstairs


Innate Abilities, Weirdness & Mutations

You have extremely sharp teeth.
You heal very quickly.
When hurt, damage is shared between your health and your magic reserves.
Your bite disrupts and absorbs the magic of your enemies.
Potions and wands cannot restore your health.
You are immune to rotting.


Message History

The centaur unwields an uncursed shortbow.
The centaur hits you!
The crimson imp hits you but does no damage.
The orc hits you with a hand axe.
Okay, then.
There isn't anything to butcher here.
You punch the centaur!
The centaur is moderately wounded.
The centaur shoots an arrow.
The arrow hits you. The centaur closely misses you.
The crimson imp hits you but does no damage.
The centaur shoots an arrow.
The arrow hits you!
* * * LOW HITPOINT WARNING * * *
You are healed.
You feel somewhat more hungry. The centaur closely misses you.
The orc closely misses you. The crimson imp hits you.
* * * LOW HITPOINT WARNING * * *
The centaur hits you.
* * * LOW HITPOINT WARNING * * *
The centaur shoots an arrow.
The arrow hits you!
You die...

####....#
##...#.....##
######
#.......####
#.......#
#.......#
#.......#
#####.#.#
##c..#
##.5..##
#.@o...#
#..c...#
#......#
##....##
##..## ####


You could see 2 centaurs, a crimson imp and an orc.

Vanquished Creatures
  2 hounds
  Ijyb (D:3)
  A giant frog skeleton (D:4)
  2 worker ants (D:4)
  An iguana (D:4)
  3 orc wizards
  Natasha (thrice) (D:3)
  Robin (D:3)
  6 adders
  An adder zombie (D:5)
  A worm (D:3)
  A giant gecko (D:4)
  12 orcs
  2 bats (D:2)
  8 goblins
  8 hobgoblins
  4 jackals (D:4)
  4 kobolds
  3 quokkas
  4 giant cockroaches
  A giant newt (D:2)
69 creatures vanquished.

Vanquished Creatures (others)
  2 fungi (D:3)
2 creatures vanquished.

Grand Total: 71 creatures vanquished

Notes
Turn   | Place    | Note
--------------------------------------------------------------
     0 | D:1      | Goblin1989 the Vine Stalker Monk began the quest for the Orb.
     0 | D:1      | Reached XP level 1. HP: 11/11 MP: 2/2
   125 | D:2      | Found a white marble altar of Elyvilon.
   144 | D:2      | Became a worshipper of Elyvilon the Healer
   144 | D:2      | Reached * piety under Elyvilon
   144 | D:2      | Reached ** piety under Elyvilon
   185 | D:2      | Noticed Sigmund
   216 | D:2      | Reached XP level 2. HP: 14/16 MP: 3/3
   413 | D:3      | Noticed Ijyb
   444 | D:3      | Killed Ijyb
   444 | D:3      | Reached skill level 1 in Invocations
   444 | D:3      | Reached XP level 3. HP: 7/19 MP: 2/4
   628 | D:4      | Reached skill level 5 in Unarmed Combat
   628 | D:4      | Reached XP level 4. HP: 14/23 MP: 3/6
   756 | D:4      | Reached XP level 5. HP: 16/27 MP: 7/7
  1316 | D:3      | Gained mutation: You heal very quickly. [Vine Stalker growth]
  1316 | D:3      | Reached XP level 6. HP: 30/32 MP: 8/8
  1499 | D:3      | Reached skill level 6 in Unarmed Combat
  1580 | D:3      | Noticed Natasha
  1583 | D:3      | Noticed Robin
  1592 | D:3      | Killed Natasha
  1628 | D:3      | Killed Robin
  1899 | D:3      | Noticed Natasha
  1900 | D:3      | Reached *** piety under Elyvilon
  1909 | D:3      | Killed Natasha
  1960 | D:3      | Found a faded altar to an unknown god.
  2080 | D:3      | Noticed Natasha
  2085 | D:3      | Killed Natasha
  2210 | D:5      | Entered Level 5 of the Dungeon
  2239 | D:5      | Found a staircase to the Ecumenical Temple.
  2398 | D:4      | Reached XP level 7. HP: 28/35 MP: 10/10
  2465 | D:5      | Shot with an arrow by a centaur

Action                   |  1- 3 |  4- 6 |  7- 9 || total
-------------------------+-------+-------+-------++-------
Melee: Unarmed           |    58 |   238 |     3 ||   299
Invok: Lesser Healing    |       |       |     1 ||     1
 Stab: Sleeping          |     2 |     8 |       ||    10
  Eat: Chunk             |       |     4 |       ||     4
